 Dungeon Crawl Stone Soup version 0.22.1-1-ga44c0e5 (webtiles) character file.

32937 MTVSty1e the Severer (level 13, 0/88 HPs)
             Began as a Gargoyle Fighter on Oct 23, 2018.
             Was the Champion of Okawaru.
             Splashed by an oklob plant's acid (7 damage)
             ... on level 3 of the Lair of Beasts.
             The game lasted 00:38:23 (17283 turns).

MTVSty1e the Severer (Gargoyle Fighter)            Turns: 17283, Time: 00:38:24

Health: 0/88       AC: 25    Str: 24    XL:     13   Next: 67%
Magic:  17/18      EV:  6    Int: 13    God:    Okawaru [******]
Gold:   1995       SH: 17    Dex:  9    Spells: 12/12 levels left

rFire    . . .     SeeInvis .   F - +6 war axe of the Wolf {drain, Int+3}
rCold    + . .     Gourm    .   N - +0 large shield
rNeg     + . .     Faith    .   r - +0 plate armour
rPois    ∞         Spirit   .   j - +2 helmet
rElec    +         Reflect  .   i - scarf {cloud immunity}
rCorr    .         Harm     .   E - +0 pair of gloves
MR       .....                  (no boots)
Stlth    ..........             J - amulet of the acrobat
HPRegen  0.24/turn              g - ring of protection from cold
MPRegen  0.16/turn              K - +4 ring of slaying

@: about to teleport, heroism, corroded, very slightly contaminated
A: negative energy resistance 1, electricity resistance, unbreathing,
petrification resistance, rot immunity, AC +9
a: Heroism, Finesse, Renounce Religion


You were on level 3 of the Lair of Beasts.
You worshipped Okawaru.
Okawaru was exalted by your worship.
You were not hungry.

You visited 3 branches of the dungeon, and saw 17 of its levels.
You also visited: Labyrinth, Sewer, Ossuary and Bailey.

You collected 1995 gold pieces.

Inventory:

Hand Weapons
 F - the +6 war axe of the Wolf (weapon) {drain, Int+3}
   (You found it on level 7 of the Dungeon)

   A truly terrible weapon, it drains the life of those it strikes.
   It affects your intelligence (+3).
 M - a +5 morningstar
Armour
 a - the +4 ring mail of Yxkyzum {rElec rPois rC+ Dex-3}
   (Okawaru gifted it to you on level 1 of the Lair of Beasts)

   It affects your dexterity (-3).
   It protects you from cold.
   It insulates you from electricity.
   It protects you from poison.
 c - a +0 shield
 i - a scarf of cloud immunity (worn)
 j - a +2 helmet (worn)
 r - a +0 plate armour (worn)
 E - a +0 pair of gloves (worn)
 N - a +0 large shield (worn)
Jewellery
 g - a ring of protection from cold (left hand)
 m - an uncursed amulet of magic regeneration
 D - an uncursed ring of see invisible
 I - an uncursed ring of fire
 J - an amulet of the acrobat (around neck)
 K - a +4 ring of slaying (right hand)
Wands
 v - a wand of iceblast (8)
 y - a wand of scattershot (4)
 A - a wand of random effects (52)
 B - a wand of paralysis (16)
 C - a wand of acid (10)
 H - a wand of polymorph (22)
 L - a wand of flame (7)
 S - a wand of disintegration (8)
Scrolls
 b - 3 scrolls of amnesia
 h - 3 scrolls of remove curse
 o - 10 scrolls of identify
 p - 11 scrolls of teleportation
 t - 4 scrolls of fear
 u - a scroll of magic mapping
 w - 5 scrolls of enchant armour
Potions
 d - 2 potions of might
 e - 6 potions of flight
 k - a potion of heal wounds
 l - 6 potions of curing
 n - 4 potions of haste
 q - a potion of agility
 s - 5 potions of brilliance
 x - 3 potions of resistance
 z - 3 potions of lignification
Comestibles
 f - 18 rations


   Skills:
 + Level 13.6(18.6) Fighting
 * Level 15.4(20.4) Axes
 + Level 6.2(11.2) Armour
 - Level 3.2(8.2) Shields
 * Level 7.4 Invocations


You had 12 spell levels left.
You didn't know any spells.
Your spell library contained the following spells:

 Spells                   Type           Power        Failure   Level  Hunger
 Animate Skeleton         Necr           N/A          100%        1    ##.....
 Apportation              Tloc           #.....       100%        1    ##.....
 Confusing Touch          Hex            #.....       100%        1    ##.....
 Summon Small Mammal      Summ           #...         100%        1    ##.....
 Corpse Rot               Necr           N/A          100%        2    ###....
 Stone Arrow              Conj/Erth      #.....       100%        3    ####...
 Cause Fear               Hex            #.........   100%        4    #####..
 Leda's Liquefaction      Hex/Erth       #.........   100%        4    #####..
 Silence                  Hex/Air        #.........   100%        5    ######.
 Summon Forest            Summ/Tloc      #.........   100%        5    ######.
 Yara's Violent Unravell  Hex/Tmut       #.........   100%        5    ######.
 Deflect Missiles         Chrm/Air       #.........   100%        6    #######
 Hydra Form               Tmut           #.........   100%        6    #######
 Summon Hydra             Summ           #.........   100%        7    #######
 Discord                  Hex            #.........   100%        8    #######


Dungeon Overview and Level Annotations

Branches:
Dungeon (13/15)            Temple (1/1) D:4            Lair (3/6) D:10
  Swamp (0/4) Lair:2       Spider (0/4) Lair:3          Orc (0/2) D:9
 Vaults: D:13-14

Altars:
Ashenzari
Cheibriados
Dithmenos
Elyvilon
Fedhas
Gozag
Hepliaklqana
Kikubaaqudgha
Makhleb
Nemelex Xobeh
Okawaru
Qazlal
Ru
Sif Muna
Trog
Uskayaw
Vehumet
Wu Jian
Xom
Yredelemnul
Zin
The Shining One

Shops:
D:4 [

Annotations:
D:6 Prince Ribbit
Lair:3 exclusion: 4 oklob plants


Innate Abilities, Weirdness & Mutations

You are resistant to torment.
Your stone body is resilient. (AC +9)
You are immune to poison.
You resist negative energy. (rN+)
You are resistant to electric shocks. (rElec)
You can survive without breathing.
You are immune to petrification.
You are immune to rotting.


Message History

You hit the oklob plant.
The oklob plant is almost destroyed.
Your shield and plate armour prevent you from hitting the water moccasin.
You hit the oklob plant. You slash the oklob plant!
You block the water moccasin's attack. The oklob plant spits acid at you.
The splash of acid hits you!
You are splashed with acid!
The acid burns!
Unknown command.
You are too injured to fight recklessly!
As you read the scroll of teleportation, it crumbles to dust.
You feel strangely unstable. You block the water moccasin's attack.
The oklob plant spits acid at you. The splash of acid hits you!
The acid corrodes you!
You are splashed with acid!
The acid burns!
* * * LOW HITPOINT WARNING * * *
The oklob plant spits acid at you. The splash of acid hits you!
* * * LOW HITPOINT WARNING * * *
You are splashed with acid!
The acid burns!
You die...

....## ##...........
#.. ....#
#............# #..
....## #.#...........
.###..
[....####.#...........
.......
..............#PPPPP#.
.......
#.#.#####P##.##:P..$#
#.#P##P ##.## ##
#.##.../.# # ## ## ###
####PS..$# #}@...#
#P|P)[# #######


You could see 4 oklob plants and a water moccasin.

Vanquished Creatures
  A minotaur (Lab)
  A fire dragon (Lair:2)
  A hydra (D:13)
  2 tengu warriors
  4 two-headed ogres
  5 death yaks (Lair:1)
  An unseen horror (D:10)
  Pikel (D:6)
  3 orc knights (Bailey)
  2 ugly things
  A cyclops (D:11)
  3 elephants (Lair:3)
  A black mamba (Lair:1)
  Joseph (D:9)
  A gargoyle (D:9)
  3 spiny frogs
  A rime drake (Lair:3)
  A komodo dragon (Lair:1)
  A tengu conjurer (D:11)
  4 trolls
  A tyrant leech (Lair:2)
  A meliai zombie (D:13)
  4 hippogriffs
  A redback (Lair:3)
  22 yaks
  2 wraiths
  Eustachio (D:6)
  4 hogs (D:7)
  A hungry ghost (D:8)
  A human (D:7)
  3 steam dragons
  Menkaure (D:6)
  2 insubstantial wisps (D:8)
  2 water moccasins (Lair:1)
  6 porcupines
  8 sky beasts
  Purgy (Sewer)
  8 orc warriors
  4 ice beasts
  2 phantoms
  A slave (D:6)
  An eye of draining (D:13)
  3 black bears
  6 ogres
  4 centaurs
  5 crocodiles
  3 elf zombies (Ossuary)
  A big kobold (D:13)
  An elf skeleton (D:8)
  11 bullfrogs
  An earth elemental (Lab)
  A gnoll sergeant (D:8)
  2 wyvern skeletons
  7 scorpions
  12 killer bees
  6 wights
  An electric eel (Lair:2)
  2 troll skeletons (Lab)
  7 howler monkeys
  A bullfrog zombie (D:6)
  3 centaur zombies
  6 crimson imps
  3 bullfrog skeletons
  A human zombie (D:8)
  2 centaur skeletons (Lab)
  2 jellies
  4 hounds
  6 orc priests
  5 iguanas
  A human skeleton (D:8)
  8 orc wizards
  5 worker ants
  2 big kobold zombies (Ossuary)
  2 ogre zombies (D:8)
  2 hound zombies
  An ogre skeleton (Lab)
  2 hound skeletons
  6 mummies
  2 worker ant zombies
  8 adders
  10 gnolls
  A shadow imp (D:5)
  6 oozes
  2 adder skeletons
  3 adder zombies
  4 worms
  12 dart slugs
  8 leopard geckos
  40 orcs
  4 giant cockroaches
  5 goblins
  8 hobgoblins
  3 jackals (D:3)
  5 quokkas
  3 ball pythons (Sewer)
  8 bats
  6 frilled lizards
  A gnoll zombie (Ossuary)
  6 goblin zombies
  3 hobgoblin zombies (Ossuary)
  5 jackal zombies (Ossuary)
  22 kobolds
  5 kobold zombies (Ossuary)
  2 orc zombies
  2 quokka zombies
  7 rats
  3 rat zombies (Ossuary)
  A fungus (D:10)
  A plant (Lab)
446 creatures vanquished.

Vanquished Creatures (others)
  A sky beast (D:8)
  An orc wizard (D:8)
  4 fungi (D:10)
  2 plants (D:10)
8 creatures vanquished.

Grand Total: 454 creatures vanquished

Notes
Turn   | Place    | Note
-------+----------+-------------------------------------------
     0 | D:1      | MTVSty1e the Gargoyle Fighter began the quest for the Orb.
     0 | D:1      | Reached XP level 1. HP: 14/14 MP: 1/1
   127 | D:1      | Reached skill level 2 in Axes
   208 | D:1      | Reached XP level 2. HP: 19/19 MP: 2/2
   622 | D:2      | Reached XP level 3. HP: 24/24 MP: 3/3
   716 | D:2      | Found a shattered altar of Ashenzari.
   720 | D:2      | Found a snail-covered altar of Cheibriados.
   916 | D:2      | Reached skill level 3 in Axes
  1229 | D:3      | Reached XP level 4. HP: 29/29 MP: 4/4
  1284 | D:3      | Reached XP level 5. HP: 34/34 MP: 5/5
  1294 | D:3      | Reached skill level 4 in Axes
  1739 | D:3      | Found a faded altar of an unknown god.
  1864 | D:4      | Found Asuy's Armour Boutique.
  1961 | D:4      | Found a staircase to the Ecumenical Temple.
  2031 | D:4      | Found a sand-covered staircase.
  2050 | Ossuary  | Entered an ossuary
  2074 | Ossuary  | Reached skill level 5 in Fighting
  2074 | Ossuary  | Reached XP level 6. HP: 28/40 MP: 6/6
  2201 | Ossuary  | Reached skill level 5 in Axes
  2485 | Ossuary  | Reached XP level 7. HP: 39/44 MP: 7/7
  2728 | Temple   | Entered the Ecumenical Temple
  2783 | Temple   | Became a worshipper of Warmaster Okawaru
  3255 | D:4      | Reached skill level 6 in Axes
  3531 | D:5      | Entered Level 5 of the Dungeon
  3547 | D:5      | Found a hide-covered altar of Uskayaw.
  3693 | D:5      | Found an iron altar of Okawaru.
  3803 | D:5      | Found a sacrificial altar of Ru.
  3947 | D:5      | Found a glowing golden altar of the Shining One.
  4065 | D:5      | Found a glowing drain.
  4096 | Sewer    | Entered a sewer
  4121 | Sewer    | Noticed Purgy
  4142 | Sewer    | Killed Purgy
  4142 | Sewer    | Reached XP level 8. HP: 41/52 MP: 8/8
  4625 | D:6      | Reached skill level 7 in Axes
  4642 | D:6      | Reached * piety under Okawaru
  4741 | D:6      | Noticed a cyan ugly thing
  4753 | D:6      | Killed a cyan ugly thing
  4753 | D:6      | Reached ** piety under Okawaru
  4753 | D:6      | Reached skill level 8 in Axes
  4917 | D:6      | Noticed Menkaure
  4922 | D:6      | Killed Menkaure
  4961 | D:6      | Reached XP level 9. HP: 50/58 MP: 9/9
  5157 | D:6      | Noticed Pikel
  5204 | D:6      | Killed Pikel
  5204 | D:6      | Reached skill level 9 in Axes
  5257 | D:6      | Reached *** piety under Okawaru
  5523 | D:6      | Noticed Eustachio
  5535 | D:6      | Killed Eustachio
  5681 | D:6      | Reached skill level 10 in Axes
  5970 | D:6      | Noticed Prince Ribbit
  6104 | D:6      | Reached **** piety under Okawaru
  6106 | D:6      | Reached XP level 10. HP: 26/66 MP: 7/10
  6353 | D:7      | Got an ivory war axe
  6354 | D:7      | Identified the +6 war axe of the Wolf {drain, Int+3} (You
                  | found it on level 7 of the Dungeon)
  6705 | D:7      | Reached skill level 11 in Axes
  6707 | D:7      | Received a gift from Okawaru
  6707 | D:7      | Reached skill level 10 in Fighting
  7010 | D:8      | Found a deep blue altar of Sif Muna.
  8045 | D:8      | Reached skill level 12 in Axes
  8064 | D:8      | Found an ancient bone altar of Kikubaaqudgha.
  8166 | D:9      | Noticed Joseph
  8207 | D:9      | Found a staircase to the Orcish Mines.
  8211 | D:9      | Reached XP level 11. HP: 71/73 MP: 11/11
  8211 | D:9      | Reached ***** piety under Okawaru
  8712 | D:9      | Noticed a two-headed ogre
  8720 | D:9      | Killed a two-headed ogre
  8775 | D:9      | Found a glowing silver altar of Zin.
  8963 | D:9      | Received a gift from Okawaru
  8965 | D:9      | Killed Joseph
  8994 | D:9      | Got a dazzling scale mail
  9005 | D:9      | Identified the +3 scale mail "Wawush" {*Slow rElec rPois
                  | rCorr} (You found it on level 9 of the Dungeon)
  9211 | D:10     | Entered Level 10 of the Dungeon
  9309 | D:10     | Reached skill level 13 in Axes
  9325 | D:10     | Noticed an unseen horror
  9336 | D:10     | Killed an unseen horror
  9337 | D:10     | Found a staircase to the Lair.
  9717 | D:10     | Noticed a two-headed ogre
  9725 | D:10     | Killed a two-headed ogre
 10108 | D:11     | Noticed a tengu warrior
 10111 | D:11     | Noticed a green ugly thing
 10118 | D:11     | Killed a green ugly thing
 10126 | D:11     | Killed a tengu warrior
 10126 | D:11     | Reached XP level 12. HP: 60/81 MP: 12/12
 10607 | D:11     | Reached skill level 14 in Axes
 10864 | D:12     | Found a labyrinth entrance.
 10869 | Lab      | Entered a labyrinth
 11789 | Lab      | Received a gift from Okawaru
 12258 | Lab      | Noticed a minotaur
 12270 | Lab      | Killed a minotaur
 12656 | D:12     | Noticed a two-headed ogre
 12668 | D:12     | Killed a two-headed ogre
 12698 | D:12     | Noticed a two-headed ogre
 12708 | D:12     | Killed a two-headed ogre
 12835 | D:12     | Reached skill level 1 in Invocations
 13281 | D:13     | Found a flagged portal.
 13295 | Bailey   | Entered a bailey
 13419 | Bailey   | HP: 2/82 [orc knight/war axe (24)]
 14169 | D:13     | Noticed an eight-headed hydra
 14277 | D:13     | Noticed a tengu warrior
 14283 | D:13     | Killed a tengu warrior
 14307 | D:13     | Killed an eight-headed hydra
 14307 | D:13     | Reached ****** piety under Okawaru
 14307 | D:13     | Reached XP level 13. HP: 65/88 MP: 9/16
 14361 | Lair:1   | Entered Level 1 of the Lair of Beasts
 14539 | Lair:1   | Reached skill level 15 in Axes
 14539 | Lair:1   | Reached skill level 5 in Invocations
 14569 | Lair:1   | Reached skill level 5 in Armour
 14634 | Lair:1   | Received a gift from Okawaru
 14635 | Lair:1   | Got a scorched ring mail {god gift}
 14667 | Lair:1   | Identified the +4 ring mail of Yxkyzum {rElec rPois rC+
                  | Dex-3} (Okawaru gifted it to you on level 1 of the Lair of
                  | Beasts)
 16051 | Lair:2   | Found a staircase to the Swamp.
 16526 | Lair:2   | Noticed a fire dragon
 16539 | Lair:2   | Killed a fire dragon
 16940 | Lair:3   | Found a hole to the Spider Nest.
 17283 | Lair:3   | Splashed by an oklob plant's acid

Skill      XL: |  1  2  3  4  5  6  7  8  9 10 11 12 13 |
---------------+----------------------------------------+-----
Axes           | 2 3 4 5 6 8 10 12 13 14 15 | 15.4
Fighting       | 4 5 6 7 9 10 12 13 | 13.6
Invocations    | 4 7 |  7.4
Armour         | 4 6 |  6.2
Shields        | |  3.2

Action                   |  1- 3 |  4- 6 |  7- 9 | 10-12 | 13-15 || total
-------------------------+-------+-------+-------+-------+-------++-------
Melee: War axe           |   104 |   181 |   393 |   640 |   155 ||  1473
       Morningstar       |       |       |       |    12 |       ||    12
Invok: Heroism           |       |       |     2 |     3 |     1 ||     6
  Use: Scroll            |     3 |     2 |    12 |    14 |     6 ||    37
       Potion            |       |       |     4 |     6 |     1 ||    11
  Eat: Ration            |     1 |     1 |     3 |     8 |     3 ||    16
       Chunk             |       |       |     2 |     4 |       ||     6
Armor: Scale mail        |    50 |   110 |   105 |       |       ||   265
       Plate armour      |       |       |   162 |   443 |    83 ||   688
Dodge: Dodged            |    32 |    46 |   112 |   106 |    21 ||   317
Block: Shield            |    56 |    83 |   201 |   272 |    65 ||   677
       Large shield      |       |       |       |       |     4 ||     4
